AoeStats
← El Fantasma de Pancho Villa

Arena

507656197Analyzed
4v4 RM · 13d ago on Sep 19, 2026· 38m 30s· 8 players
Game mode
Random Map
Map size
Large (8 player)
Population
200
Speed
Normal
Resources
Standard
Victory
Conquest
Starting age
Dark Age
Ending age
Imperial Age
RankedLock teamsTeams togetherTeam positionsShared explorationLock speedFull tech treeHidden civsTurbo modeCheats
Victory
Defeat
🇨🇳 Khmer · China
1123
+16
🇺🇸 Franks · United States
1097
+17
🇨🇳 Cumans · China
1093
+17
🇨🇳 Celts · China
1085
+18
🇦🇺 Bohemians · Australia
1175
-18
🇦🇺 Ethiopians · Australia
1142
-18
🇺🇸 Cumans · United States
1110
-17
1076
-15
Hello World
8:46 Loom
11:00 Feudal Age
11:41 Double-Bit Axe
18:43 Castle Age
31:01 Forging
32:37 Iron Casting
32:46 Bow Saw
33:55 Wheelbarrow
38:12 Imperial Age
35:28 Town Watch
37:07 Scale Mail Armor
36:56 Gambesons
37:12 Squires
36:57 Arson
37:40 Hand Cart
39:08 Chain Mail Armor
绫地宁宁
5:45 Loom
8:40 Feudal Age
10:48 Double-Bit Axe
15:22 Wheelbarrow
17:38 Horse Collar
19:08 Bloodlines
19:04 Scale Barding Armor
19:59 Forging
22:41 Castle Age
21:48 Gold Mining
24:33 Hand Cart
24:46 Bow Saw
32:48 Light Cavalry
34:17 Capped Ram
36:03 Iron Casting
36:29 Gold Shaft Mining
37:54 Chain Barding Armor
flandle
10:55 Feudal Age
15:01 Castle Age
12:55 Double-Bit Axe
14:09 Horse Collar
15:02 Loom
19:07 Bow Saw
19:19 Gold Mining
20:31 Wheelbarrow
25:08 Stone Mining
26:26 Heavy Plow
27:06 Masonry
29:28 Hand Cart
30:02 Gold Shaft Mining
30:27 Fletching
30:37 Scale Mail Armor
35:07 Imperial Age
32:12 Pikeman
33:18 Chain Mail Armor
33:17 Forging
33:08 Treadmill Crane
34:15 Stone Shaft Mining
33:57 Fortified Wall
34:47 Gambesons
35:39 Iron Casting
36:13 Conscription
36:51 Bodkin Arrow
36:33 Halberdier
36:37 Heavy Scorpion
39:09 Hoardings
汐之
10:48 Feudal Age
14:07 Castle Age
12:17 Double-Bit Axe
15:08 Bow Saw
16:21 Wheelbarrow
19:19 Horse Collar
22:05 Hand Cart
21:55 Stone Mining
24:11 Stone Shaft Mining
23:34 Gold Mining
27:40 Gold Shaft Mining
30:27 Imperial Age
32:08 Husbandry
32:19 Bloodlines
31:34 Elite Battle Elephant
32:35 Tusk Swords
33:52 Forging
33:48 Scale Barding Armor
34:43 Conscription
37:03 Iron Casting
36:48 Chain Barding Armor
36:34 Heavy Plow
El Fantasma de Pancho Villa
14:15 Feudal Age
16:23 Man-at-Arms
17:33 Scale Mail Armor
24:25 Forging
25:54 Double-Bit Axe
33:03 Castle Age
33:09 Capped Ram
33:58 Horse Collar
34:21 Pikeman
36:05 Chain Mail Armor
37:31 Iron Casting
38:40 Wheelbarrow
38:18 Bow Saw
Lilliandil
8:25 Loom
10:15 Feudal Age
8:30 Loom
14:35 Castle Age
16:28 Forging
16:18 Scale Mail Armor
16:08 Fletching
16:18 Double-Bit Axe
22:51 Iron Casting
23:53 Horse Collar
26:36 Squires
26:23 Arson
30:36 Imperial Age
29:04 Bow Saw
28:58 Heavy Plow
33:35 Wheelbarrow
32:47 Town Watch
34:30 Chain Mail Armor
34:36 Gold Mining
35:30 Conscription
37:21 Blast Furnace
36:51 Plate Mail Armor
37:49 Two-Man Saw
38:41 Thumb Ring
gankdatank
10:02 Loom
13:11 Feudal Age
17:36 Castle Age
16:09 Double-Bit Axe
18:53 Horse Collar
19:24 Bow Saw
22:02 Imperial Age
19:17 Horse Collar
23:49 Chemistry
23:10 Ballistics
24:06 Wheelbarrow
25:32 Hand Cart
25:45 Bow Saw
26:06 Forging
25:57 Scale Mail Armor
27:00 Pikeman
27:41 Squires
27:27 Arson
28:49 Chain Mail Armor
31:18 Conscription
38:01 Halberdier
rodolfo casas noten¨o
5:29 Loom
22:26 Feudal Age
25:39 Feudal Age
26:54 Scale Mail Armor
28:15 Forging
30:30 Castle Age
28:13 Horse Collar
29:49 Double-Bit Axe
31:27 Chain Mail Armor
33:21 Squires
35:26 Pikeman
Connection lost

Rejoining the realm…

Still unreachable

The connection could not be restored.

Session expired

The server has moved on; the page needs a fresh start.